 Dungeon Crawl Stone Soup version 0.20.1-1-g8b1a95d (webtiles) character file.

1171 McKennaii the Insei (level 8, -1/48 HPs)
             Began as an Octopode Transmuter on Aug 15, 2017.
             Was an Initiate of Cheibriados.
             Splashed by a jelly's acid (9 damage)
             ... on level 6 of the Dungeon.
             The game lasted 00:10:13 (6183 turns).

McKennaii the Insei (Octopode Transmuter)           Turns: 6183, Time: 00:10:15

Health: -1/48      AC:  1    Str: 10    XL:     8   Next: 41%
Magic:  1/12       EV: 14    Int: 19    God:    Cheibriados [......]
Gold:   317        SH:  0    Dex: 13    Spells: 2/13 levels left

rFire    . . .     SeeInvis .     - Unarmed
rCold    . . .     Gourm    .   (no shield)
rNeg     . . .     Faith    .   (helmet restricted)
rPois    .         Spirit   .   (no amulet)
rElec    .         Reflect  .   w - +1 ring of slaying
rCorr    .         Harm     .   (no ring)
MR       .....                  (no ring)
Stlth    ++++......             (no ring)
Regen    0.2/turn               (no ring)
MPRegen  0.2/turn               (no ring)
                                (no ring)
                                (no ring)

@: very slow
A: almost no armour, stealthy swim, amphibious, 8 rings, constrict 8, camouflage
1, gelatinous body 1
a: Bend Time, Renounce Religion


You were on level 6 of the Dungeon.
You worshipped Cheibriados.
Cheibriados was noncommittal.
You were not hungry.

You visited 2 branches of the dungeon, and saw 7 of its levels.

You collected 317 gold pieces.

Inventory:

Missiles
 a - 86 arrows
Jewellery
 g - an uncursed ring of fire
 w - a +1 ring of slaying (left tentacle)
Wands
 A - a wand of confusion (48/48)
Scrolls
 e - 2 scrolls of fear
 f - 5 scrolls of identify
 h - 2 scrolls of recharging
 i - 3 scrolls of enchant armour {unknown}
 j - a scroll of amnesia {unknown}
 n - a scroll of fog {unknown}
 o - 2 scrolls of teleportation {unknown}
 u - a scroll of random uselessness {unknown}
 v - 2 scrolls of enchant weapon {unknown}
 x - a scroll of remove curse {unknown}
 C - a scroll of noise {unknown}
Potions
 d - 7 potions of curing {unknown}
 l - 2 potions of flight {unknown}
 p - a potion of mutation {unknown}
 q - 2 potions of agility {unknown}
 r - 2 potions of berserk rage {unknown}
 t - a potion of ambrosia {unknown}
 B - a potion of cancellation {unknown}
Books
 b - a book of Changes

   Spells                             Type                      Level
   a - Beastly Appendage              Transmutation                1
   b - Sticks to Snakes               Transmutation                2
   c - Spider Form                    Transmutation/Poison         3
   d - Ice Form                       Ice/Transmutation            4
   e - Blade Hands                    Transmutation                5
 y - a book of Cantrips

   Spells                             Type                      Level
   a - Confusing Touch                Hexes                        1
   b - Animate Skeleton               Necromancy                   1
   c - Summon Small Mammal            Summoning                    1
   d - Apportation                    Translocation                1
 z - a book of Geomancy

   Spells                             Type                      Level
   a - Sandblast                      Earth                        1
   b - Passwall                       Transmutation/Earth          2
   c - Stone Arrow                    Conjuration/Earth            3
   d - Petrify                        Transmutation/Earth          4
   e - Lee's Rapid Deconstruction     Earth                        5
Comestibles
 c - 5 bread rations
 k - 3 royal jellies
 m - a meat ration
 s - 4 fruits


   Skills:
 + Level 1.4 Fighting
 + Level 3.0 Dodging
 * Level 5.9 Stealth
 * Level 7.3 Unarmed Combat
 + Level 3.1 Spellcasting
 * Level 4.4 Transmutations
 + Level 1.0 Poison Magic


You had 2 spell levels left.
You knew the following spells:

 Your Spells              Type           Power        Failure   Level  Hunger
a - Beastly Appendage     Tmut           ###...       2%          1    None
b - Sticks to Snakes      Tmut           ###.....     3%          2    ##.....
c - Spider Form           Tmut/Pois      ##........   14%         3    ###....
d - Blade Hands           Tmut           ###.......   56%         5    ######.


Dungeon Overview and Level Annotations

Branches:
Dungeon (6/15)             Temple (1/1) D:5

Altars:
Cheibriados
Dithmenos
Fedhas
Hepliaklqana
Kikubaaqudgha
Trog
Xom
Yredelemnul
The Shining One


Innate Abilities, Weirdness & Mutations

You cannot wear most types of armour.
You are very stealthy in the water. (Stealth+)
You are amphibious.
You can wear up to eight rings at the same time.
You can use your tentacles to constrict eight enemies at once.
Your skin changes colour to match your surroundings (Stealth+).
Your rubbery body absorbs attacks. (AC +1, EV +1)


Message History

The hound completely misses you.
Your adder bites the hound.
The hound is poisoned.
Your adder poisons the hound!
The hound barely misses you. The hound misses your adder.
Your adder bites the hound.
The hound looks even sicker.
Your adder poisons the hound!
The jelly hits you.
You are splashed with acid!
The acid burns!
* * * LOW HITPOINT WARNING * * *
The hound bites your adder but does no damage.
You see here an arrow.
As you read the scroll labeled QAKLOR TEYMPAM, it crumbles to dust.
It is a scroll of recharging.
Charge which item? (? for menu, Esc to quit)
Your wand of confusion (?/48) {zapped: 2} glows for a moment.
Your adder bites the hound.
The centaur shoots an arrow.
The arrow barely misses your adder. The arrow closely misses you.
The hound barely misses your adder.
Your adder bites the hound.
The hound looks even sicker.
Your adder poisons the hound!
The jelly hits you.
* * * LOW HITPOINT WARNING * * *
You are splashed with acid!
The acid burns!
You die...

#########################
#..............((.......#
...............(........#
........................+
.......##.......@.......#
................SJ......#
................ch...$..#
...................>....#
..................(...###
..(.####)...............
.....(((..#.#............
...#.....................
...#...........##........


You could see a centaur, a hound, a jelly and a friendly adder.

Vanquished Creatures
  Pikel (D:4)
  4 slaves (D:4)
  A phantom (D:4)
  An ogre (D:4)
  A centaur (D:6)
  The ghost of letownia the Insei, a weakling OpTm (D:4)
  A bullfrog zombie (D:5)
  A crimson imp (D:6)
  A jelly (D:6)
  An orc priest (D:3)
  A centaur skeleton (D:4)
  Jessica (D:2)
  Ijyb (D:4)
  An iguana (D:5)
  2 worker ants
  8 adders
  An ooze (D:4)
  4 worms
  A dart slug (D:2)
  2 leopard geckos (D:3)
  8 orcs
  2 giant cockroaches
  6 goblins
  7 hobgoblins
  9 jackals
  2 quokkas (D:2)
  2 ball pythons
  10 bats
  2 frilled lizards
  5 kobolds
  A quokka skeleton (D:4)
  9 rats
98 creatures vanquished.

Vanquished Creatures (collateral kills)
  Crazy Yiuf (D:2)
1 creature vanquished.

Grand Total: 99 creatures vanquished

Notes
Turn   | Place    | Note
-------+----------+-------------------------------------------
     0 | D:1      | McKennaii the Octopode Transmuter began the quest for the Orb.
     0 | D:1      | Reached XP level 1. HP: 13/13 MP: 3/3
   228 | D:1      | Reached XP level 2. HP: 16/18 MP: 5/5
   754 | D:1      | Reached XP level 3. HP: 11/23 MP: 6/6
   936 | D:2      | Noticed Jessica
   941 | D:2      | Reached skill level 1 in Stealth
  1072 | D:2      | Killed Jessica
  1072 | D:2      | Reached XP level 4. HP: 8/28 MP: 7/7
  1292 | D:2      | Learned a level 2 spell: Sticks to Snakes
  1296 | D:2      | Learned a level 3 spell: Spider Form
  1395 | D:2      | Reached skill level 4 in Unarmed Combat
  1416 | D:2      | Found a runed door.
  1661 | D:2      | Found a bloodstained altar of Trog.
  1764 | D:2      | Reached XP level 5. HP: 33/33 MP: 8/8
  1937 | D:2      | Noticed Crazy Yiuf
  1943 | D:2      | Killed Crazy Yiuf
  2043 | D:3      | Found a faded altar of an unknown god.
  3020 | D:4      | Reached XP level 6. HP: 31/38 MP: 9/9
  3121 | D:4      | Reached skill level 5 in Unarmed Combat
  3634 | D:4      | Noticed Ijyb
  3645 | D:4      | Killed Ijyb
  3684 | D:4      | Noticed letownia's ghost (weakling OpTm)
  3695 | D:4      | Killed letownia's ghost
  4086 | D:4      | Noticed Pikel
  4086 | D:4      | Noticed a slave
  4086 | D:4      | Noticed a slave
  4102 | D:4      | Noticed a slave
  4103 | D:4      | Noticed a slave
  4277 | D:4      | Killed a slave
  4289 | D:4      | Killed a slave
  4297 | D:4      | Killed a slave
  4308 | D:4      | Killed a slave
  4539 | D:4      | Killed Pikel
  4539 | D:4      | Reached skill level 5 in Stealth
  4539 | D:4      | Reached skill level 6 in Unarmed Combat
  4539 | D:4      | Reached skill level 1 in Poison Magic
  4539 | D:4      | Reached XP level 7. HP: 21/43 MP: 2/11
  4736 | D:4      | Reached XP level 8. HP: 48/48 MP: 1/12
  4937 | D:4      | Learned a level 5 spell: Blade Hands
  4938 | D:5      | Entered Level 5 of the Dungeon
  5129 | D:5      | Found a staircase to the Ecumenical Temple.
  5144 | Temple   | Entered the Ecumenical Temple
  5221 | Temple   | Became a worshipper of Cheibriados the Contemplative
  5311 | D:5      | Reached skill level 7 in Unarmed Combat
  5661 | D:5      | Found a bloodstained altar of Trog.
  6183 | D:6      | Splashed by a jelly's acid

Skill      XL: |  1  2  3  4  5  6  7  8 |
---------------+-------------------------+-----
Stealth        | 2 3 4 5 |  5.9
Unarmed Combat | 4 6 7 |  7.3
Transmutations | 3 4 |  4.4
Poison Magic   | 1 |  1.0
Spellcasting   | 3 |  3.1
Dodging        | 3 |  3.0
Fighting       | |  1.4

Action                   |  1- 3 |  4- 6 |  7- 9 || total
-------------------------+-------+-------+-------++-------
Melee: Unarmed           |    65 |   193 |    42 ||   300
       Constrict         |    17 |    42 |     4 ||    63
       Tentacles         |    15 |    32 |     3 ||    50
       Punch             |     1 |     7 |     1 ||     9
 Cast: Sticks to Snakes  |       |     7 |    12 ||    19
       Spider Form       |       |     3 |     2 ||     5
       Beastly Appendage |       |     1 |       ||     1
  Use: Scroll            |       |       |     2 ||     2
 Stab: Sleeping          |     7 |    12 |     2 ||    21
  Eat: Chunk             |       |    12 |     6 ||    18
       Fruit             |       |       |     1 ||     1
Armor: Skin              |     3 |     7 |     2 ||    12
Dodge: Dodged            |    33 |   133 |    29 ||   195
